Map: Deathaura LE

Players

Reynor - Winner!

  • Race: Zerg Zerg
  • League: Master
  • Spawn Location: 11:00

TYTY (TY)

  • Race: Terran Terran
  • League: Master
  • Spawn Location: 5:00

Event: DreamHack SC2 Masters 2020 Fall

VOD

Have the link to the VOD?

Description

Time

  • Played on: Sept. 19, 2020, 12:27 p.m.
  • Length: 20:52

All games in this series

Show
View Real Time Build Order
Export as new Build Order

Reynor Zerg - Winner!

Build Orders: Hatch First, Muta Ling Bane 

Get SALT Encoding   

  12  0:00  Drone  
  13  0:12  Overlord  
  13  0:17  Drone  
  14  0:31  Drone x2  
  16  0:48  Hatchery  
  15  0:52  Drone  
  15  0:55  Drone  
  17  1:00  Drone  
  18  1:10  Extractor  
  17  1:15  Spawning Pool  
  17  1:18  Drone  
  17  1:21  Drone  
  18  1:28  Drone  
  19  1:39  Drone  
  20  1:50  Overlord  
  20  2:01  Queen x2  
  20  2:02  Zergling x4  
  26  2:12  Drone  
  26  2:13  Drone  
  28  2:17  Metabolic Boost  
  28  2:24  Drone x2  
  30  2:37  Queen x2  
  30  2:38  Drone  
  30  2:40  Drone  
  36  2:45  Overlord  
  36  2:49  Overlord  
  36  3:05  Drone x4  
  40  3:13  Drone x3  
  43  3:21  Drone x2  
  43  3:23  Drone  
  46  3:27  Hatchery  
  46  3:29  Drone  
  46  3:32  Lair  
  46  3:36  Overlord  
  46  3:38  Drone  
  47  3:46  Baneling Nest, Extractor  
  47  3:47  Drone x3  
  48  3:49  Drone  
  48  3:51  Drone x2  
  48  3:53  Drone  
  52  3:57  Drone, Extractor  
  52  3:58  Extractor  
  52  4:02  Zergling x4  
  53  4:05  Zergling x4  
  53  4:16  Drone x2  
  53  4:18  Drone x3  
  53  4:21  Zergling x2  
  53  4:22  Zergling x2  
  58  4:27  Drone  
  58  4:29  Drone  
  60  4:33  Overlord  
  60  4:35  Overseer  
  60  4:41  Drone x2  
  62  4:46  Spore Crawler, Spire  
  62  4:49  Queen  
  62  4:54  Drone  
  62  4:55  Drone x2  
  62  4:56  Drone  
  62  4:59  Drone  
  67  5:00  Drone  
  67  5:01  Drone  
  67  5:05  Drone x2  
  67  5:07  Drone  
  72  5:12  Overlord  
  72  5:22  Centrifical Hooks  
  72  5:23  Drone  
  72  5:26  Zergling x2  
  74  5:29  Overlord  
  74  5:31  Zergling x10  
  74  5:32  Baneling x2  
  74  5:33  Baneling x2  
  74  5:34  Zergling x6  
  82  5:38  Overlord  
  82  5:47  Overlord  
  82  5:51  Drone x3  
  82  5:52  Drone  
  82  5:55  Overlord  
  86  6:00  Mutalisk x5  
  86  6:02  Mutalisk  
  98  6:07  Baneling  
  98  6:08  Drone x5, Extractor  
  98  6:09  Drone, Extractor  
  102  6:14  Baneling x4  
  102  6:15  Zergling x4  
  104  6:18  Baneling  
  104  6:19  Zergling x4  
  104  6:21  Baneling x2  
  105  6:28  Zergling x6  
  96  6:35  Zergling x18  
  96  6:37  Baneling x6  
  96  6:39  Zergling x2  
  99  6:46  Zergling x4  
  81  6:55  Mutalisk x2  
  81  6:56  Zergling x2  
  81  7:00  Zergling x6  
  81  7:01  Zergling x2  
  83  7:06  Mutalisk  
  83  7:08  Zergling x2  
  86  7:10  Drone  
  86  7:15  Hatchery, Evolution Chamber  
  86  7:18  Mutalisk  
  86  7:20  Queen, Drone  
  86  7:21  Drone  
  91  7:26  Drone  
  91  7:32  Drone x2  
  91  7:34  Mutalisk x2  
  92  7:39  Mutalisk  
  92  7:41  Drone x3  
  97  7:44  Extractor  
  97  7:46  Drone x2  
  97  7:47  Zerg Ground Armor Level 1  
  98  7:53  Mutalisk  
  98  7:55  Drone  
  98  7:57  Drone x3  
  104  8:03  Mutalisk  
  106  8:07  Overlord x2  
  106  8:08  Overlord  
  106  8:17  Evolution Chamber  
  105  8:21  Zergling x2  
  105  8:22  Baneling x3  
  105  8:23  Baneling x3  
  105  8:25  Drone  
  105  8:27  Mutalisk x2  
  105  8:28  Drone  
  105  8:29  Drone x3  
  111  8:35  Drone  
  111  8:38  Zergling x12  
  118  8:42  Mutalisk x2  
  118  8:44  Zergling x4  
  124  8:49  Drone  
  124  8:50  Drone x2  
  124  8:51  Spore Crawler, Drone  
  124  8:53  Overseer  
  124  8:54  Drone x3  
  127  9:01  Zerg Melee Weapons Level 1  
  127  9:04  Drone x4  
  130  9:13  Zergling x10  
  135  9:21  Mutalisk x3  
  135  9:23  Zergling x2  
  135  9:24  Zergling x2  
  135  9:27  Overlord x3  
  135  9:28  Baneling x4  
  135  9:36  Overlord  
  135  9:44  Overlord  
  135  9:46  Drone x2  
  135  9:47  Drone x6  
  135  9:48  Extractor  
  135  9:50  Zergling x4  
  135  9:52  Baneling x6  
  144  9:53  Zerg Ground Armor Level 2  
  144  9:55  Drone  
  144  9:56  Spore Crawler  
  144  10:00  Spore Crawler, Queen  
  144  10:01  Zergling x4  
  144  10:05  Mutalisk  
  149  10:10  Hatchery  
  149  10:13  Zergling x12  
  149  10:14  Zergling x2  
  155  10:20  Pneumatized Carapace  
  155  10:24  Drone x2  
  157  10:28  Mutalisk x3  
  157  10:30  Zergling x18  
  172  10:37  Baneling x8  
  172  10:38  Zergling x6  
  172  10:40  Overlord  
  175  10:45  Overlord  
  175  10:49  Baneling x5  
  175  10:51  Infestation Pit  
  175  10:52  Extractor  
  175  10:53  Overlord  
  172  11:01  Drone x3  
  176  11:04  Drone  
  176  11:05  Drone x3  
  176  11:06  Drone  
  176  11:08  Baneling  
  176  11:09  Baneling x11  
  180  11:13  Zergling x4  
  180  11:14  Zergling x14  
  180  11:16  Zerg Flyer Weapons Level 1  
  189  11:20  Overseer  
  189  11:22  Baneling x8  
  189  11:24  Zergling x10  
  194  11:29  Zergling x4  
  194  11:30  Zergling x2  
  194  11:40  Baneling x5  
  194  11:41  Drone x4  
  194  11:42  Spore Crawler  
  194  11:43  Spine Crawler  
  196  11:52  Burrow, Hive  
  196  12:01  Zergling x4  
  198  12:02  Baneling x2  
  198  12:03  Baneling x14  
  198  12:06  Zergling x2  
  195  12:11  Baneling x5  
  195  12:12  Zergling x8, Zerg Melee Weapons Level 2  
  195  12:13  Overseer  
  191  12:30  Zergling x14  
  191  12:32  Overlord x2  
  197  12:39  Zergling x4  
  192  12:45  Zergling x30  
  190  12:56  Zergling x10  
  190  12:57  Zergling x4  
  172  13:01  Zergling x2  
  172  13:04  Zergling x10  
  173  13:09  Mutalisk x3  
  173  13:11  Zergling x10  
  171  13:15  Zergling x2  
  171  13:16  Zerg Ground Armor Level 3  
  171  13:17  Ultralisk Cavern  
  171  13:18  Baneling x10  
  173  13:20  Queen, Drone x3  
  173  13:23  Zergling x2  
  173  13:25  Baneling x3  
  173  13:26  Baneling x4  
  177  13:28  Zergling x4  
  177  13:29  Queen  
  177  13:30  Zergling x4, Extractor  
  177  13:31  Hatchery  
  177  13:33  Adrenal Glands  
  181  13:36  Zergling x2  
  181  13:37  Zergling x2  
  181  13:42  Drone x2, Baneling x6  
  181  13:43  Drone x2  
  181  13:44  Extractor  
  181  13:45  Extractor  
  181  13:46  Zergling x20  
  193  13:58  Baneling x2  
  193  13:59  Drone x3, Baneling x2  
  193  14:02  Zergling x6  
  199  14:04  Baneling  
  192  14:21  Zergling x36  
  191  14:25  Chitinous Plating  
  191  14:29  Ultralisk x2  
  189  14:42  Zergling x10, Ultralisk  
  189  14:45  Zergling x6  
  200  14:46  Baneling x9  
  200  14:48  Zergling x8  
  199  14:56  Zergling x8  
  199  15:06  Zergling x12  
  199  15:07  Zergling x4  
  199  15:11  Hatchery  
  199  15:12  Zergling x4, Ultralisk  
  198  15:16  Baneling x8  
  198  15:18  Zergling x10  
  191  15:21  Zerg Melee Weapons Level 3  
  191  15:24  Zergling x8  
  191  15:27  Zergling x4  
  184  15:30  Zergling x4  
  184  15:34  Zergling x4  
  186  15:35  Zergling x6  
  186  15:36  Zergling x2  
  186  15:39  Ultralisk  
  186  15:40  Zergling x8  
  199  15:44  Baneling x8  
  199  15:49  Hatchery  
  196  15:59  Zergling x20  
  196  16:02  Zergling x4  
  189  16:07  Zergling x8  
  189  16:11  Zergling x4, Ultralisk  
  200  16:18  Baneling x4  
  199  16:27  Baneling x2  
  199  16:28  Baneling x3  
  195  16:32  Zergling x2  
  195  16:33  Zergling x14  
  190  16:41  Zergling x2, Ultralisk  
  190  16:42  Zergling x6  
  190  16:44  Zergling x16  
  186  16:50  Zergling x2, Ultralisk  
  186  16:52  Zergling x6  
  186  16:54  Zergling x2  
  178  16:55  Zergling x6  
  178  16:59  Zergling x2  
  178  17:06  Corruptor x2  
  178  17:07  Zergling x8  
  184  17:09  Zergling x6  
  184  17:12  Zergling x6, Queen  
  182  17:17  Corruptor x2  
  182  17:18  Zergling x2  
  182  17:20  Baneling x2  
  182  17:22  Zergling x10  
  186  17:27  Zergling x4, Ultralisk  
  186  17:28  Zergling x4, Overseer x2  
  189  17:32  Queen  
  189  17:33  Zergling x6  
  189  17:39  Zergling x8  
  192  17:48  Hatchery  
  189  17:53  Zergling x16  
  190  18:03  Drone x4  
  187  18:08  Zergling x8  
  187  18:09  Zergling x2  
  189  18:19  Drone x2  
  189  18:21  Drone  
  189  18:23  Zergling x12  
  194  18:28  Baneling x11  
  194  18:34  Overseer x2  
  194  18:41  Baneling x6  
  194  18:44  Zergling x4  
  194  18:53  Zergling x2  
  194  18:54  Zergling x18  
  195  18:59  Overlord  
  191  19:05  Zergling x22  
  191  19:06  Drone x2  
  191  19:08  Baneling x13  
  193  19:17  Baneling x4  
  193  19:22  Zergling x14, Ultralisk  
  196  19:26  Zergling x6  
  196  19:29  Hatchery  
  180  19:31  Zergling x2  
  180  19:32  Zergling x4  
  180  19:35  Corruptor  
  180  19:38  Corruptor  
  165  19:39  Zergling x6  
  165  19:43  Zergling x2  
  162  19:47  Zergling x2  
  156  19:54  Zergling x10, Ultralisk  
  156  19:57  Baneling x5  
  156  19:58  Zergling x2, Baneling x5  
  156  19:59  Zergling x4  
  169  20:00  Zergling x2  
  169  20:03  Infestor  
  169  20:06  Zergling x2  
  172  20:09  Zergling x4  
  172  20:10  Zergling x4  
  158  20:16  Corruptor  
  158  20:17  Zergling x2  
  153  20:22  Zergling x8  
  153  20:26  Zergling x4  
  156  20:32  Zergling x4  
  156  20:33  Zergling x4  
  142  20:38  Hatchery  
Show
View Real Time Build Order
Export as new Build Order

TYTY Terran 

Build Orders: Gas First Reaper Expand 

Get SALT Encoding   

  12  0:00  SCV  
  13  0:12  SCV  
  14  0:17  Supply Depot  
  14  0:24  SCV  
  15  0:28  Refinery  
  15  0:39  SCV  
  16  0:44  Barracks  
  16  0:51  SCV  
  17  1:03  SCV  
  18  1:15  SCV  
  19  1:31  Reaper  
  19  1:32  Orbital Command  
  20  1:42  Command Center  
  20  1:53  Factory  
  20  1:58  SCV  
  21  2:05  Supply Depot  
  21  2:07  Barracks Reactor  
  21  2:11  SCV  
  22  2:23  SCV  
  23  2:36  SCV  
  24  2:43  Starport  
  24  2:47  Hellion  
  24  2:48  SCV, Hellion  
  24  2:50  Marine  
  30  2:56  Orbital Command  
  30  3:00  SCV  
  31  3:09  Hellion x2  
  31  3:12  SCV, Marine  
  37  3:19  Medivac  
  39  3:22  SCV  
  39  3:24  SCV  
  41  3:33  Supply Depot  
  41  3:34  SCV  
  41  3:36  Marine  
  41  3:37  Marine  
  41  3:38  SCV  
  41  3:39  Barracks  
  41  3:41  Factory Tech Lab  
  45  3:47  SCV  
  46  3:50  Refinery  
  46  3:55  SCV  
  47  3:57  Marine x2  
  47  3:59  SCV  
  47  4:01  Supply Depot  
  47  4:02  Engineering Bay  
  50  4:07  SCV  
  51  4:11  SCV  
  51  4:15  Marine x2  
  50  4:19  SCV  
  50  4:23  SCV  
  52  4:25  Factory Reactor  
  52  4:31  SCV  
  52  4:33  Stimpack, Marine x2  
  52  4:35  SCV  
  56  4:41  Command Center  
  56  4:42  Refinery  
  56  4:43  SCV, Marine  
  58  4:48  Terran Infantry Weapons Level 1  
  59  4:52  Supply Depot  
  59  4:54  Supply Depot  
  59  4:55  Marine  
  59  4:57  Marine  
  62  5:02  Supply Depot  
  61  5:08  Hellion  
  62  5:14  SCV x2, Hellion  
  62  5:17  Marine x2  
  62  5:18  Armory, Marine  
  69  5:23  Medivac  
  69  5:26  SCV x2  
  73  5:30  Hellion  
  75  5:36  Hellion  
  75  5:37  Engineering Bay  
  75  5:38  SCV, Marine x2  
  80  5:44  SCV  
  80  5:46  Marine  
  82  5:50  SCV  
  82  5:51  Hellion  
  82  5:56  Medivac, Marine  
  88  5:57  Hellion, Orbital Command  
  88  5:58  SCV  
  88  6:02  Marine  
  92  6:04  Marine  
  92  6:05  SCV  
  95  6:11  SCV  
  95  6:14  Terran Infantry Armor Level 1  
  95  6:17  SCV  
  96  6:28  SCV x2, Hellion x2  
  96  6:30  Medivac  
  98  6:33  Marine x3  
  98  6:35  Orbital Command  
  94  6:41  Orbital Command  
  94  6:43  SCV x2  
  90  6:51  Marine x3  
  88  6:55  SCV  
  88  6:58  SCV  
  76  7:03  Medivac  
  76  7:04  Combat Shield  
  79  7:09  Marine x3  
  79  7:10  Missile Turret x2  
  79  7:11  Hellion x2  
  79  7:13  Missile Turret  
  81  7:18  SCV x3  
  84  7:26  Marine  
  84  7:27  Marine  
  77  7:30  SCV x3  
  77  7:35  Missile Turret  
  80  7:38  Barracks  
  80  7:39  Barracks  
  80  7:41  Widow Mine x2  
  80  7:42  SCV x3  
  86  7:52  Marine x3  
  86  7:54  SCV x2  
  86  7:55  SCV  
  92  7:59  Barracks  
  92  8:06  SCV x2, Widow Mine x2  
  92  8:07  SCV  
  92  8:12  Marine x3  
  98  8:15  Starport Reactor  
  98  8:18  SCV  
  101  8:22  Supply Depot x2, Command Center  
  101  8:40  Barracks Reactor x2  
  99  8:42  Supply Depot  
  99  8:43  Supply Depot  
  99  8:44  Widow Mine x2  
  99  8:45  Supply Depot x2  
  95  8:50  Marine x2  
  95  8:53  Marine  
  95  8:54  Medivac x2  
  102  8:55  SCV x2  
  102  8:56  SCV  
  102  8:58  Refinery x2, Factory  
  102  9:00  Sensor Tower  
  105  9:04  Barracks Reactor  
  105  9:08  SCV x2, Marine x2  
  105  9:09  SCV  
  110  9:11  Marine  
  110  9:13  Supply Depot  
  109  9:17  Widow Mine x2  
  109  9:20  SCV  
  109  9:21  SCV x2, Marine  
  112  9:26  Marine x2  
  112  9:28  Marine  
  115  9:33  Marine x3  
  115  9:36  Medivac x2  
  115  9:38  SCV x3  
  125  9:39  Missile Turret  
  125  9:40  Widow Mine  
  125  9:43  Factory Tech Lab  
  128  9:46  Missile Turret  
  128  9:51  Terran Infantry Weapons Level 2  
  131  9:53  Terran Infantry Armor Level 2  
  131  9:55  Planetary Fortress  
  131  9:57  Marine x3  
  131  9:58  SCV x2  
  131  9:59  SCV  
  133  10:01  Drilling Claws  
  133  10:04  Marauder  
  135  10:08  Marine x2  
  135  10:11  Thor  
  135  10:13  Marine  
  135  10:14  Marine x4  
  147  10:16  Refinery  
  147  10:18  Marine  
  147  10:19  Supply Depot  
  153  10:21  Widow Mine x2  
  153  10:25  Marine  
  153  10:26  Barracks  
  153  10:27  Barracks  
  154  10:28  Barracks  
  154  10:34  Command Center, Marine x6  
  162  10:43  Marauder, Widow Mine x2  
  162  10:44  Bunker  
  162  10:46  Missile Turret  
  162  10:48  Missile Turret  
  168  10:52  Marine x4  
  168  10:56  Missile Turret, Thor  
  178  10:58  Supply Depot  
  178  11:00  Supply Depot  
  178  11:01  Marine x2  
  180  11:06  Supply Depot x2, Marine x2  
  180  11:07  Medivac x2, Marauder  
  180  11:09  Widow Mine  
  180  11:14  Barracks Tech Lab x2  
  180  11:15  Barracks Tech Lab  
  180  11:19  Marine x2  
  180  11:20  Widow Mine  
  180  11:23  Marine x3  
  187  11:28  Marine  
  187  11:29  Marine x3  
  187  11:37  Medivac x2, Marine x2  
  184  11:42  Thor  
  184  11:44  Marauder x3, Marine x2  
  198  11:53  Widow Mine  
  200  12:08  Missile Turret  
  194  12:09  Marauder x2, Marine x2  
  194  12:15  Terran Infantry Weapons Level 3, Terran Infantry Armor Level 3  
  200  12:27  Marine x2  
  200  12:28  Marauder x2, Marine x4  
  200  12:29  Planetary Fortress  
  200  12:31  Missile Turret  
  200  12:33  Missile Turret  
  197  12:38  Widow Mine x2  
  195  12:45  Marine x3  
  176  12:54  Marine  
  176  12:55  Marine x2  
  176  12:56  Medivac x2  
  150  13:08  Marauder x3, Marine x6  
  148  13:13  SCV x3  
  148  13:14  Marine x3  
  154  13:20  Barracks x2  
  154  13:21  Barracks  
  154  13:25  Marine x4, Thor  
  154  13:26  Medivac x2, Marine, Widow Mine x2  
  173  13:32  Refinery  
  173  13:33  Marine x4  
  177  13:35  Marine x2  
  177  13:36  Marine  
  180  13:43  Marine x5  
  185  13:50  Terran Vehicle And Ship Armor Level 1  
  185  13:51  Marine x2  
  185  13:52  Marauder  
  185  13:53  Marauder x2  
  185  13:54  Marine x2  
  194  14:01  Marine x5  
  194  14:02  SCV  
  200  14:09  Command Center, Marine  
  200  14:15  Marine x2  
  174  14:32  Marine  
  174  14:33  Marauder x2, Marine x3  
  174  14:34  Medivac x2  
  174  14:36  Widow Mine x2  
  174  14:37  Marine x2  
  174  14:38  Marine x3  
  182  14:39  SCV x3  
  182  14:43  Marine  
  185  14:50  Marine  
  185  14:51  SCV x3, Marine x3  
  188  14:53  Marine  
  188  14:54  Marine  
  188  14:55  Marine  
  191  15:03  SCV x3  
  186  15:08  Marauder  
  186  15:09  Barracks Tech Lab x2  
  186  15:10  Marine, Barracks Tech Lab x2  
  186  15:11  Marine x7  
  186  15:12  Marauder  
  186  15:13  Marine  
  183  15:15  SCV x3  
  181  15:26  Medivac x2, Widow Mine  
  181  15:27  SCV x2, Marauder  
  181  15:28  Marine x4  
  173  15:32  Marauder x3  
  173  15:35  Marauder x2, Marine x2  
  183  15:37  Widow Mine x2  
  183  15:41  Marine  
  183  15:42  Marine x2  
  188  15:46  Marine x2  
  188  15:47  Widow Mine  
  188  15:48  Marine x3, Sensor Tower  
  195  15:53  Marine  
  196  15:58  Widow Mine  
  192  16:04  Marauder x3  
  192  16:11  Widow Mine  
  194  16:15  Medivac x2  
  196  16:21  Marauder x2  
  196  16:33  Planetary Fortress  
  196  16:36  Marauder x2  
  196  16:38  Marine x2  
  196  16:39  Marine x4  
  166  16:49  Medivac, Widow Mine x2  
  166  16:50  Medivac, Marauder x2  
  166  16:51  Marauder  
  166  16:52  Marine x4  
  167  16:56  Marine x4  
  167  16:57  Marauder x2  
  161  17:07  SCV  
  156  17:09  SCV  
  156  17:12  Marauder x3  
  159  17:19  SCV, Medivac, Marauder x2, Liberator  
  159  17:22  SCV  
  169  17:26  Marine  
  169  17:28  Marine x2  
  171  17:31  Widow Mine x2  
  171  17:33  Marauder x2, Widow Mine  
  178  17:39  Orbital Command, Barracks Tech Lab  
  178  17:43  Marauder  
  178  17:45  Marauder  
  178  17:46  Orbital Command  
  178  17:51  Marauder  
  178  17:53  Widow Mine, Liberator  
  178  17:56  Marauder  
  178  17:57  Marauder  
  162  17:59  Marauder  
  162  18:02  Marine x8  
  162  18:04  Marauder  
  172  18:06  Marauder  
  172  18:07  Widow Mine x2  
  172  18:08  Marine  
  171  18:13  Marauder, Orbital Command  
  171  18:17  Marine  
  171  18:18  Marauder  
  171  18:19  Marine x3  
  173  18:21  Widow Mine  
  178  18:35  Marauder  
  178  18:38  Marauder  
  178  18:39  Widow Mine  
  179  18:43  Marine  
  179  18:44  Marine  
  179  18:45  Marauder  
  179  18:46  Marauder  
  158  18:57  Marauder x2, Marine x2  
  158  19:02  Concussive Shells  
  157  19:10  Medivac x2  
  157  19:13  Marauder, Marine x3  
  157  19:14  Marauder x2  
  151  19:18  Marine  
  107  19:47  Marauder x3  

Tags
 
Add a new tag
Caveats
  • Supply blocks, unpowered buildings, or Contaminate may cause inaccurate times.
  • Supply counts are checked every 10 seconds.